 Dungeon Crawl Stone Soup version 0.19-a0-1888-g6ba2374 (webtiles) character file.

889 Naow the Cleaver (level 8, -14/58 HPs)
             Began as a Formicid Fighter on Oct 17, 2016.
             Demolished by an ogre
             ... wielding a +0 giant club
              (19 damage)
             ... on level 5 of the Dungeon.
             The game lasted 00:06:42 (4972 turns).

Naow the Cleaver (Formicid Fighter)                 Turns: 4972, Time: 00:06:42

Health: -14/58     AC:  9    Str: 24    XL:     8   Next: 26%
Magic:  8/8        EV:  6    Int:  7    God:
Gold:   160        SH: 16    Dex: 10    Spells: 0 memorised, 7 levels left

rFire  . . .     SeeInvis +     a - +0 war axe
rCold  + . .     Gourm    .     b - +0 scale mail
rNeg   . . .     Faith    .     g - +0 large shield
rPois  .         Spirit   .     (helmet unavailable)
rElec  .         Dismiss  .     r - +0 cloak
rCorr  .         Reflect  +     y - +0 pair of gloves
MR     .....     Harm     .     (no boots)
Stlth  ..........               q - +2 amulet of reflection
                                (no ring)
                                o - ring of protection from cold

@: no status effects
A: permanent stasis, dig shafts and tunnels, four strong arms, antennae 3
a: Dig, Shaft Self


You were on level 5 of the Dungeon.
You were not hungry.

You visited 1 branch of the dungeon, and saw 6 of its levels.
You also visited: Sewer.

You collected 160 gold pieces.

Inventory:

Hand Weapons
 a - a +0 war axe (weapon)
 t - a +2 hand axe of venom
Armour
 b - a +0 scale mail (worn)
 c - a +0 shield
 g - a +0 large shield (worn)
 r - a +0 cloak (worn)
 y - a +0 pair of gloves (worn)
Jewellery
 o - a ring of protection from cold (left hand)
 q - a +2 amulet of reflection (around neck)
 u - a +2 ring of strength {unknown}
Scrolls
 e - 6 scrolls of identify {unknown}
 j - 3 scrolls of immolation {unknown}
 k - 2 scrolls of blinking {unknown}
 l - a scroll of magic mapping {unknown}
 m - 5 scrolls of remove curse {unknown}
 s - 2 scrolls of amnesia {unknown}
 v - a scroll of fear {unknown}
 w - a scroll of enchant armour {unknown}
Potions
 d - a potion of might
 n - 2 potions of haste {unknown}
 p - a potion of curing {unknown}
Books
 x - A Primer on Thaumaturgy
   (You found it in a sewer)

   Spells                             Type                      Level
   a - Repel Missiles                 Charms/Air                   2
   b - Swiftness                      Charms/Air                   2
   c - Song of Slaying                Charms                       2
   d - Throw Flame                    Conjuration/Fire             2
   e - Call Imp                       Summoning                    2
Comestibles
 f - 6 bread rations
 h - a meat ration
 i - 7 fruits
 z - a royal jelly


   Skills:
 - Level 3.2 Fighting
 + Level 9.1 Axes
 - Level 3.2 Armour
 - Level 3.6 Shields


You had 7 spell levels left.
You didn't know any spells.

Dungeon Overview and Level Annotations

Branches:
Dungeon (6/15)
 Temple: D:4-7

Altars:
Elyvilon
Hepliaklqana
Makhleb
Nemelex Xobeh
Ru
Sif Muna
Trog
Xom
Yredelemnul

Shops:
D:5 (

Annotations:
D:2 1 runed door
D:6 Leibowitz's ghost, novice MfGl; Pikel


Innate Abilities, Weirdness & Mutations

You are under a permanent stasis effect.
You can dig through walls and to a lower floor.
Your four strong arms can wield two-handed weapons with a shield.
You have a pair of large antennae on your head. (SInv)


Message History

You block the ogre's attack.
You barely miss the ogre. You block the ogre's attack.
You hit the ogre.
The ogre is lightly wounded.
Your shield and scale mail prevent you from hitting the ogre.
The ogre is lightly wounded.
The ogre hits you with a giant club.
You hit the ogre.
The ogre is moderately wounded.
The ogre hits you with a giant club!
You closely miss the ogre.
The ogre is moderately wounded.
The ogre hits you with a giant club!
* * * LOW HITPOINT WARNING * * *
You hit the ogre but do no damage.
The ogre is moderately wounded.
The ogre hits you with a giant club.
* * * LOW HITPOINT WARNING * * *
The ogre hits you with a giant club!!
You die...

###########
############.........#
#.........##.#######.#
####.#######.##.##### #.#
...#.###.###....@>..###.#
##.#.##...##..#..O......#
..............###.......#
##.#.##...##.## #.#.###.#
...#.###.###.# #.#.# #.#
####.###.###.# #.#.# #.#
# #.........# #.#.###.# #
#####'##### #.......# ##
##[))## ##.....##


You could see an ogre.

Vanquished Creatures
  An ice beast (D:5)
  An ogre (D:4)
  2 bullfrogs (Sewer)
  A scorpion (D:4)
  A hound (D:4)
  6 orc priests
  A bullfrog skeleton (D:4)
  An orc wizard (D:5)
  A worker ant (D:5)
  A hound zombie (D:5)
  A hound skeleton (D:5)
  3 gnolls (D:3)
  6 adders
  An ooze (D:2)
  An adder skeleton (D:4)
  A worm (D:4)
  10 leopard geckos
  18 orcs
  5 ball pythons (Sewer)
  6 bats
  12 giant cockroaches
  5 goblins
  7 hobgoblins
  4 jackals (D:4)
  3 quokkas
  10 frilled lizards
  2 goblin zombies (D:2)
  A jackal zombie (D:2)
  7 kobolds
  5 rats
124 creatures vanquished.

Notes
Turn   | Place    | Note
-------+----------+-------------------------------------------
     0 | D:1      | Naow the Formicid Fighter began the quest for the Orb.
     0 | D:1      | Reached XP level 1. HP: 18/18 MP: 1/1
   113 | D:1      | Reached XP level 2. HP: 21/24 MP: 2/2
   209 | D:1      | Reached skill level 3 in Axes
   438 | D:2      | Reached XP level 3. HP: 29/29 MP: 3/3
   461 | D:2      | Found a runed door.
   461 | D:2      | Noticed a human
   473 | D:2      | Found a basalt altar of Yredelemnul.
   665 | D:2      | Reached skill level 4 in Axes
   665 | D:2      | Reached XP level 4. HP: 27/35 MP: 4/4
  1012 | D:3      | Reached XP level 5. HP: 41/41 MP: 5/5
  1017 | D:3      | Reached skill level 5 in Axes
  1393 | D:3      | Reached XP level 6. HP: 43/47 MP: 6/6
  1411 | D:3      | Found a shimmering altar of Xom.
  2145 | D:4      | Found a burning altar of Makhleb.
  2145 | D:4      | Found a white marble altar of Elyvilon.
  2147 | D:4      | Found a sacrificial altar of Ru.
  2147 | D:4      | Found a hazy altar of Hepliaklqana.
  2170 | D:4      | Found a deep blue altar of Sif Muna.
  2173 | D:4      | Found a bloodstained altar of Trog.
  2411 | D:4      | Reached skill level 6 in Axes
  2887 | D:4      | Reached XP level 7. HP: 51/52 MP: 7/7
  2988 | D:4      | Reached skill level 7 in Axes
  3184 | D:5      | Entered Level 5 of the Dungeon
  3207 | D:5      | Found a sparkling altar of Nemelex Xobeh.
  3348 | D:5      | Found a glowing drain.
  3376 | Sewer    | Entered a sewer
  3386 | Sewer    | Reached skill level 8 in Axes
  3609 | Sewer    | Reached XP level 8. HP: 44/58 MP: 8/8
  3678 | Sewer    | Identified A Primer on Thaumaturgy
  4063 | D:5      | Reached skill level 9 in Axes
  4352 | D:5      | Found Guify's Antique Weapon Boutique.
  4960 | D:6      | Noticed Leibowitz's ghost (novice MfGl)
  4963 | D:6      | Noticed Pikel
  4972 | D:5      | Demolished by an ogre

Vault maps used:
D:1:      scummos_arrival_forest
D:2:      serial_bayou_pond_e, minmay_stone_trees_small, dk_yredelemnul_ordeal
D:3:      xom_teletrap_fun
D:4:      grunt_temple_overflow_open
D:5:      nicolae_overflow_crystal_walls, gup_sewer_entry_pipe, serial_shops,
          nicolae_shop_overgrown_old_shop, first_bread
D:6:      serial_shops, nicolae_shop_trees, uniq_pikel
Sewer:    sewer_frog_island_01

Skill      XL: |  1  2  3  4  5  6  7  8 |
---------------+-------------------------+-----
Axes           | 3 4 5 6 8 9 |  9.1
Fighting       | |  3.2
Armour         | |  3.2
Shields        | |  3.6

Action                   |  1- 3 |  4- 6 |  7- 9 || total
-------------------------+-------+-------+-------++-------
Melee: War axe           |   125 |   173 |   181 ||   479
  Eat: Chunk             |       |     7 |     3 ||    10
       Bread ration      |       |       |     1 ||     1
Armor: Scale mail        |    44 |    46 |    62 ||   152
Dodge: Dodged            |    35 |    44 |    45 ||   124
Block: Shield            |   102 |   119 |    97 ||   318
       Reflection        |       |     4 |       ||     4
       Large shield      |       |       |     4 ||     4
